 Dungeon Crawl Stone Soup version 0.29.1-1-gd02db6906a (webtiles) character file.

Game seed: 11358658489700410210

42 Sabo the Gusty (level 3, -1/21 HPs)
             Began as an Octopode Air Elementalist on Oct 8, 2022.
             Was a Follower of Ashenzari.
             Slain by Robin
             ... wielding a +0 short sword
              (6 damage)
             ... on level 2 of the Dungeon.
             The game lasted 00:11:50 (1932 turns).

Sabo the Gusty (Octopode Air Elementalist)          Turns: 1932, Time: 00:11:51

Health: -1/21      AC:  0    Str:  7    XL:     3   Next: 54%
Magic:  2/6        EV: 14    Int: 19    God:    Ashenzari [*.....]
Gold:   11         SH:  0    Dex: 12    Spells: 5/6 levels left

rFire   . . .      SeeInvis .   (weapon currently unavailable)
rCold   . . .      Faith    .   (shield currently unavailable)
rNeg    . . .      Spirit   .   (helmet currently unavailable)
rPois   .          Reflect  .   (no amulet)
rElec   .          Harm     .   (ring currently unavailable)
rCorr   .          Rampage  .   (ring currently unavailable)
Will    .....                   (ring currently unavailable)
Stlth   ++........              (ring currently unavailable)
HPRegen 0.07/turn               (ring currently unavailable)
MPRegen 0.10/turn               (ring currently unavailable)
                                (ring currently unavailable)
                                (ring currently unavailable)

@: pig-form (expiring), very quick
A: fast, no casting, almost no armour, (amphibious), (8 rings), small,
(camouflage 1), (gelatinous body 1), (nimble swimmer 1), (tentacles)
a: Renounce Religion, Shatter the Chains


You were on level 2 of the Dungeon.
You worshipped Ashenzari.
Ashenzari was aware of your devotion.
You were a filthy swine.
You visited 1 branch of the dungeon, and saw 2 of its levels.

You collected 11 gold pieces.

Inventory:

Hand Weapons
 k - a +2 dagger of protection
 n - the cursed +5 scimitar "Stickiness of Ashenzari" (melded) {vorpal, MP+9, Fort, Range}
   (You found it on level 2 of the Dungeon)

   It inflicts extra damage upon your enemies.
   MP:        It affects your magic capacity (+9).
   It has a curse which improves the following skills: Fortitude: Shields.
   Ranged Combat: Ranged Weapons and Throwing.
Jewellery
 e - the cursed ring of the Manifest Planets (melded) {SInv, Alch, Evo}
   (You found it on level 1 of the Dungeon)

   [ring of see invisible]

   SInv:      It lets you see invisible.
   It has a curse which improves the following skills: Alchemy: Poison Magic and
   Transmutations.
   Evocations: Evocations.
Scrolls
 h - 2 scrolls of fear
 l - a scroll of silence
 m - a scroll of fog
Potions
 a - a potion of magic
 b - a potion of flight
 f - 2 potions of curing
 i - a potion of haste
 j - a potion of lignification


   Skills:
 + Level 0.1 Short Blades
 + Level 2.1 Dodging
 + Level 2.8 Stealth
 + Level 2.4 Spellcasting
 + Level 1.6 Conjurations
 + Level 3.6 Air Magic


You had 5 spell levels left.
You knew the following spells:

 Your Spells              Type           Power      Damage    Failure   Level
a - Shock                 Conj/Air       48%        1d6       5%          1

Your spell library contained the following spells:

 Spells                   Type           Power      Damage    Failure   Level
 Static Discharge         Conj/Air       12%        3-5/arc   9%          2
 Swiftness                Air            16%        N/A       11%         3
 Blink                    Tloc           4%         N/A       24%         2
 Airstrike                Air            8%         2d(2-18)  34%         4
 Lesser Beckoning         Tloc           2%         N/A       43%         3
 Manifold Assault         Tloc           2%         N/A       99%         5


Dungeon Overview and Level Annotations

Branches:
Dungeon (2/15)

Altars:
Ashenzari

Annotations:
D:2 Robin


Innate Abilities, Weirdness & Mutations

You are a filthy swine.
You move quickly.
Your equipment is almost entirely melded.
You are incapable of wielding weapons or throwing items.
You cannot cast spells.
You cannot wear most types of armour.
((You are amphibious.))
((You can wear up to eight rings at the same time.))
((Your skin changes colour to match your surroundings (Stealth+).))
((Your rubbery body absorbs attacks. (AC +1, EV +1)))
((You are camouflaged when in or above water. (Stealth+)))
((You have tentacles for arms and can constrict up to eight enemies at once.))


Message History

Robin is heavily wounded.
Robin closely misses you.
You closely miss Robin.
Robin is heavily wounded.
A hobgoblin comes into view.
Robin barely misses you.
You barely miss Robin.
Robin is heavily wounded.
Robin completely misses you.
You hit Robin but do no damage.
Robin is heavily wounded.
Robin hits you with a +0 short sword.
You hit Robin but do no damage.
Robin is heavily wounded.
Robin roars a battlecry!
The hobgoblin goes into a battle-frenzy!
You hit Robin but do no damage.
Robin is heavily wounded.
Robin hits you with a +0 short sword.
You hit Robin.
Robin is severely wounded.
Robin hits you with a +0 short sword.
* * * LOW HITPOINT WARNING * * *
You hit Robin.
Robin is severely wounded.
Robin completely misses you.
You hit Robin but do no damage.
Robin is severely wounded.
Your transformation is almost over.
Robin hits you with a +0 short sword.
* * * LOW HITPOINT WARNING * * *
You barely miss Robin.
Robin is severely wounded.
You hit Robin but do no damage.
Robin is severely wounded.
Robin barely misses you.
You hit Robin but do no damage.
Robin is severely wounded.
Robin hits you with a +0 short sword.
You die...

...........#
#######....#######
..........>.......
#.#.#...#.########
)...#...#.. ......
#g#.#...###.#.....
#g#.......#.#####.
#g#.#.###.#.....#.
#h#.....#.# .....
#.#...#.#.#.# #.##
#.).....#.#.#<#...
###..............#
#######.######.#
#........#
##########


You could see Robin and 2 hobgoblins.

Vanquished Creatures
  A worm (D:2)
  2 dart slugs (D:1)
  4 ball pythons
  5 endoplasms
  A giant cockroach (D:1)
  2 jackals (D:2)
  4 kobolds (D:1)
  2 quokkas
  3 bats
  2 frilled lizards (D:1)
  5 goblins
  2 rats
33 creatures vanquished.

Notes
Turn   | Place    | Note
-------+----------+-------------------------------------------
     0 | D:1      | Sabo the Octopode Air Elementalist began the quest for the
                  | Orb.
     0 | D:1      | Reached XP level 1. HP: 11/11 MP: 3/3
   346 | D:1      | Reached XP level 2. HP: 17/17 MP: 1/5
   464 | D:1      | Found a faded altar of an unknown god.
   473 | D:1      | Prayed at the altar of an unknown god.
   473 | D:1      | Became a worshipper of Ashenzari the Shackled
  1058 | D:1      | Reached XP level 3. HP: 21/21 MP: 4/6
  1786 | D:2      | Identified the +5 scimitar of Yeast {vorpal, MP+9}
  1870 | D:2      | Reached * piety under Ashenzari
  1913 | D:2      | Noticed Robin
  1932 | D:2      | Slain by Robin

Illustrated notes

Levels and vault maps discovered:
D:1:      lemuel_arrival_room, layout_loops_ring,
          hellmonk_ecumenical_altar_run_dry, dreamdust_princess_corridor
D:2:      layout_basic, cheibrodos_gnoll_hut, uniq_robin

Action                   || total
-------------------------++-------
Melee: Unarmed           ||    29
       Tentacles         ||     3
       Constrict         ||     4
       Dagger            ||     6
       Short sword       ||     1
 Cast: Shock             ||    61
Invok: Curse Item        ||     2
  Use: Scroll            ||     3
Armor: Skin              ||     1
Dodge: Dodged            ||    25
